 Dungeon Crawl Stone Soup version 0.18.1-50-g88ac8fd (webtiles) character file.

198 Mesmaeker13 the Conjurer (level 5, -2/28 HPs)
             Began as a Gargoyle Conjurer on Sept 20, 2016.
             Slain by a wyvern (7 damage)
             ... on level 6 of the Dungeon.
             The game lasted 00:09:41 (3167 turns).

Mesmaeker13 the Conjurer (Gargoyle Conjurer)        Turns: 3167, Time: 00:09:42

Health: -2/28      AC:  8    Str:  9 (12) XL:     5   Next: 76%
Magic:  5/9        EV: 11    Int: 14 (16) God:
Gold:   111        SH:  3    Dex:  7 (10) Spells: 3 memorised, 4 levels left

rFire  . . .     SeeInvis .     d - +0 hand axe
rCold  . . .     Gourm    .     a - +0 robe
rNeg   + . .     Faith    .     m - +0 buckler
rPois  ∞         Spirit   .     x - +1 helmet
rElec  +         Dismiss  .     (no cloak)
rCorr  .         Reflect  .     (no gloves)
SustAt .         Harm     .     (no boots)
MR     .....                    (no amulet)
Stlth  ++........               (no ring)
                                q - ring of flight

@: not resistant to hostile enchantments, unstealthy
A: negative energy resistance 1, electricity resistance, unbreathing,
petrification resistance, rot immunity, AC +4
a: Evoke Flight


You were on level 6 of the Dungeon.
You were not hungry.

You visited 1 branch of the dungeon, and saw 6 of its levels.

You collected 111 gold pieces.

Inventory:

Hand Weapons
 d - a +0 hand axe (weapon)
Armour
 a - a +0 robe (worn)
 m - a +0 buckler (worn)
 x - a +1 helmet (worn)
Jewellery
 q - a ring of flight (left hand)
 t - an uncursed amulet of dismissal {unknown}
Scrolls
 i - a scroll of recharging {unknown}
 r - 2 scrolls of identify {unknown}
 u - a scroll of fog
Potions
 g - 2 potions of curing
 l - 2 potions of invisibility {unknown}
 p - a potion of lignification {unknown}
Books
 b - a book of Conjurations

   Spells                             Type                      Level
   a - Magic Dart                     Conjuration                  1
   b - Searing Ray                    Conjuration                  2
   c - Dazzling Spray                 Conjuration/Hexes            3
   d - Fulminant Prism                Conjuration/Hexes            4
   e - Iskenderun's Mystic Blast      Conjuration                  4
   f - Iskenderun's Battlesphere      Conjuration/Charms           5
Comestibles
 c - a bread ration
 h - a royal jelly
 k - a beef jerky
 v - 7 fruits


   Skills:
 - Level 0.1 Axes
 - Level 1.6 Dodging
 - Level 2.3 Stealth
 + Level 2.5 Shields
 + Level 3.1 Spellcasting
 + Level 6.0 Conjurations


You had 4 spell levels left.
You knew the following spells:

 Your Spells              Type           Power        Failure   Level  Hunger
a - Magic Dart            Conj           ###.         2%          1    #......
b - Searing Ray           Conj           ###...       3%          2    ##.....
c - Dazzling Spray        Conj/Hex       ##....       24%         3    ###....


Dungeon Overview and Level Annotations

Branches:
Dungeon (6/15)             Temple (0/1) D:6

Altars:
Fedhas
Qazlal
Yredelemnul

Annotations:
D:3 Estellaa's ghost, amateur MiFi; Natasha
D:4 Eustachio
D:6 Blork the orc; Edmund


Innate Abilities, Weirdness & Mutations

You are resistant to torment.
Your stone body is resilient (AC +4).
You are immune to poison.
You resist negative energy.
You are resistant to electric shocks.
You can survive without breathing.
You are immune to petrification.
You are immune to rotting.


Message History

Blork the orc mumbles some strange words.
Blork the orc seems to speed up.
Blork the orc frowns.
The wyvern barely misses you. The wyvern barely misses you.
Blork the orc closely misses you. Edmund barely misses you.
Found a beef jerky.
Blork the orc miscasts a cantrip.
Blork the orc looks braver for a moment.
The wyvern hisses menacingly.
Found a bread ration.
Found a scroll of blinking and a scroll labeled ZEONACHO WAMUE.
Blork the orc screams, "I'll decorate my home with your organs!"
The wyvern bites you.
* * * LOW HITPOINT WARNING * * *
Blork the orc hits you but does no damage.
Edmund says, "People will remember me!
They'll remember me and die!"
Found a stone staircase leading up.
The wyvern bites you!
You die...

*,****** *, #.# *,
#.#*******, #?.,,,,,,,,
#.#*******. ##### #.#
#. #.?.###.########.
#######.......%.....##.
#<....@lo.@.....#*#%##.
#.######.#......# #.##.
*,* #.#......###.##.
*,* *#.#.............
*,* *..#......###.##.
*,* *.##.###.## #.##.
*,* #.*#.# #.# #.##.
*,****#.*#.#*#.#**#.###
*,,,,,,,,,,,*#..**..##.


You could see Edmund, Blork the orc and a wyvern.

Vanquished Creatures
  A scorpion (D:4)
  Terence (D:2)
  Natasha (D:3)
  Robin (D:4)
  3 gnolls
  An ooze (D:2)
  A worm (D:2)
  4 giant geckos
  5 giant cockroaches
  12 goblins
  4 hobgoblins
  A quokka (D:2)
  6 bats
  2 giant newts (D:2)
  3 kobolds (D:2)
  A rat (D:2)
  A spectral orc (D:2)
48 creatures vanquished.

Notes
Turn   | Place    | Note
--------------------------------------------------------------
     0 | D:1      | Mesmaeker13 the Gargoyle Conjurer began the quest for the Orb.
     0 | D:1      | Reached XP level 1. HP: 10/10 MP: 3/3
   478 | D:1      | Reached XP level 2. HP: 15/15 MP: 0/5
   598 | D:2      | Learned a level 2 spell: Searing Ray
   621 | D:2      | Reached skill level 5 in Conjurations
   715 | D:2      | Reached XP level 3. HP: 15/19 MP: 6/6
   879 | D:2      | Found a stormy altar of Qazlal.
   943 | D:2      | Found a faded altar to an unknown god.
   982 | D:2      | Noticed Terence
   994 | D:2      | Killed Terence
   994 | D:2      | Reached skill level 1 in Shields
   994 | D:2      | Reached XP level 4. HP: 24/24 MP: 1/7
  1148 | D:2      | Found a blossoming altar of Fedhas.
  1230 | D:2      | Found a basalt altar of Yredelemnul.
  1368 | D:3      | Noticed Natasha
  1377 | D:3      | Killed Natasha
  1695 | D:3      | Noticed Estellaa's ghost (amateur MiFi)
  1916 | D:3      | Reached XP level 5. HP: 18/28 MP: 4/9
  2081 | D:3      | Noticed Natasha
  2105 | D:4      | Learned a level 3 spell: Dazzling Spray
  2134 | D:4      | Noticed Robin
  2165 | D:4      | Killed Robin
  2440 | D:4      | Reached skill level 6 in Conjurations
  2628 | D:4      | Noticed Eustachio
  2644 | D:4      | HP: 1/28 [river rat[Eustachio] (3)]
  2652 | D:5      | Entered Level 5 of the Dungeon
  2652 | D:5      | Noticed an ice beast
  2687 | D:5      | Noticed an ice beast
  3110 | D:6      | Noticed Blork the orc
  3129 | D:6      | Noticed Edmund
  3146 | D:6      | Noticed a wyvern
  3167 | D:6      | Slain by a wyvern

Skill      XL: |  1  2  3  4  5 |
---------------+----------------+-----
Conjurations   | 5 6 |  6.0
Shields        | 1 2 |  2.5
Spellcasting   | 3 |  3.1
Axes           | |  0.1
Dodging        | |  1.6
Stealth        | |  2.3

Action                   |  1- 3 |  4- 6 || total
-------------------------+-------+-------++-------
Melee: Hand axe          |    41 |    45 ||    86
 Cast: Magic Dart        |    24 |    25 ||    49
       Searing Ray       |     1 |     8 ||     9
       Dazzling Spray    |       |     1 ||     1
  Use: Scroll            |       |     4 ||     4
       Potion            |       |     4 ||     4
 Stab: Sleeping          |     2 |       ||     2
       Invisible         |       |     2 ||     2
  Eat: Chunk             |     1 |     5 ||     6
       Bread ration      |       |     1 ||     1
Armor: Robe              |    14 |    39 ||    53
Dodge: Dodged            |    33 |    65 ||    98
Block: Buckler           |     4 |    15 ||    19
